 Dungeon Crawl Stone Soup version 0.28-a0-1594-ga885d4b3d6 (webtiles) character file.

Game seed: 9277044564686343314

6610 HallandMoats the Cleaver (level 11, -8/67 HPs)
             Began as a Gargoyle Fighter on Jan 21, 2022.
             Was the Champion of Jiyva.
             Mangled by an eight-headed hydra (11 damage)
             ... on level 9 of the Dungeon.
             The game lasted 00:11:39 (6729 turns).

HallandMoats the Cleaver (Gargoyle Fighter)         Turns: 6729, Time: 00:11:40

Health: -8/67      AC: 15    Str: 21    XL:     11   Next: 2%
Magic:  15/15      EV: 15    Int: 12    God:    Jiyva [******]
Gold:   206        SH:  5    Dex: 13    Spells: 10/10 levels left

rFire   . . .      SeeInvis +   b - +1 rapier (venom)
rCold   . . .      Faith    .   c - +0 buckler
rNeg    + + .      Spirit   .   l - +1 leather armour {rN+}
rPois   ∞          Reflect  .   s - +0 helmet
rElec   +          Harm     .   (no cloak)
rCorr   +          Rampage  .   (no gloves)
Will    .....                   (no boots)
Stlth   +.........              (no amulet)
HPRegen 1.81/turn               (no ring)
MPRegen 0.64/turn               (no ring)

@: mighty
A: sickness immunity, AC +8, negative energy resistance 1, electricity
resistance, torment resistance 1, petrification resistance, clever 2, eyeballs
3, gelatinous body 1, evolution 1, MP-powered wands, sturdy frame 1
a: Renounce Religion, Oozemancy, Slimify


You were on level 9 of the Dungeon.
You worshipped Jiyva.
Jiyva was exalted by your worship.
You visited 1 branch of the dungeon, and saw 9 of its levels.

You collected 236 gold pieces.
You spent 30 gold pieces at shops.

Inventory:

Hand Weapons
 a - a +0 war axe of venom
 b - a +1 rapier of venom (weapon)
Armour
 c - a +0 buckler (worn)
 l - a +1 leather armour of positive energy (worn)
 s - a +0 helmet (worn)
Wands
 k - a wand of flame (14)
 u - a wand of digging (7)
Scrolls
 e - a scroll of enchant weapon
 f - 2 scrolls of fog
 n - a scroll of fear
 q - a scroll of blinking
 r - a scroll of teleportation
Potions
 m - 3 potions of curing {unknown}
 o - a potion of lignification {unknown}
 p - a potion of brilliance {unknown}
 t - a potion of degeneration {unknown}
 v - a potion of cancellation {unknown}
Miscellaneous
 x - a box of beasts


   Skills:
 + Level 7.5 Fighting
 * Level 8.2 Axes
 + Level 7.5 Armour
 * Level 7.3 Dodging
 - Level 4.2 Shields
 + Level 6.1 Invocations


You had 10 spell levels left.
You didn't know any spells.
Your spell library contained the following spells:

 Spells                   Type           Power      Damage    Failure   Level
 Freeze                   Ice            0%         1d3       41%         1
 Sting                    Tmut/Pois      0%         1d3       41%         1
 Call Canine Familiar     Summ           0%         N/A       78%         3
 Frozen Ramparts          Ice            0%         1d2       78%         3
 Portal Projectile        Hex/Tloc       0%         N/A       78%         3
 Hailstorm                Conj/Ice       0%         3d3       99%         4
 Leda's Liquefaction      Hex/Erth       0%         N/A       99%         4


Dungeon Overview and Level Annotations

Branches:
Dungeon (9/15)             Temple (0/1) D:6             Orc (0/2) D:9
   Lair: D:8-11

Altars:
Ashenzari
Makhleb
Sif Muna
Trog
Uskayaw
Zin
Jiyva
Lugonu

Shops:
D:5 *   D:8 (

Portals:
Abyss: D:4


Innate Abilities, Weirdness & Mutations

You are immune to sickness and miasma.
Your stone body is resilient. (AC +8)
You are immune to poison.
You resist negative energy. (rN+)
You are resistant to electric shocks. (rElec)
You are resistant to unholy torment.
You are immune to petrification.
Your mind is very acute. (Int +4)
Your body is covered in eyes which may confuse attackers. (Acc +7, SInv)
Your rubbery body absorbs attacks. (AC +1, EV +1)
You have hidden genetic potential.
You expend magic power (3 MP) to strengthen your wands.
Your movements are slightly less encumbered by armour. (ER -2)


Message History

The eight-headed hydra misses you.
The eight-headed hydra completely misses you.
The eight-headed hydra bites you but does no damage.
The eight-headed hydra bites you. x2
You block the eight-headed hydra's attack.
The eight-headed hydra closely misses you.
The eight-headed hydra barely misses you.
You hear a distant slurping noise.
You hit the eight-headed hydra.
The eight-headed hydra is moderately wounded.
The eight-headed hydra bites you but does no damage.
The eight-headed hydra misses you.
The eight-headed hydra bites you but does no damage.
The eight-headed hydra closely misses you.
The eight-headed hydra bites you. x3
* * * LOW HITPOINT WARNING * * *
You block the eight-headed hydra's attack.
You puncture the eight-headed hydra!
The eight-headed hydra is heavily wounded.
The eight-headed hydra barely misses you.
The eight-headed hydra bites you but does no damage.
The eight-headed hydra barely misses you.
The eyeballs on your body gaze at the eight-headed hydra.
The eight-headed hydra bites you.
* * * LOW HITPOINT WARNING * * *
The eight-headed hydra bites you.
* * * LOW HITPOINT WARNING * * *
The eight-headed hydra completely misses you.
The eight-headed hydra bites you.
* * * LOW HITPOINT WARNING * * *
The eight-headed hydra bites you but does no damage.
You puncture the eight-headed hydra!
The eight-headed hydra is heavily wounded.
The eight-headed hydra bites you!
* * * LOW HITPOINT WARNING * * *
You block the eight-headed hydra's attack.
The eight-headed hydra bites you but does no damage. x3
The eyeballs on your body gaze at the eight-headed hydra.
The eight-headed hydra bites you!
You die...

**#.......######.#*#.#.#.##**,,,
**,+.<.....# #.#,,#.#.#..**,,,
*,,#.......# ##.#,,*#.##.|#*,,,
*,*#.......# #..#####'#**##****
,,*####+#### #.........,,,,,,,,
,** **,* #.##..###*#****,,, **
*,,****** #.....# **,**
*,***,,,* #D###.# *,,*
**+***'*,* #@# *,* **,**
*,,,*#,*,* #.##*,**##***,,*
#..##..#####..##,,..,,,,,** ##
#.##...........##.#*******
.####.'...♣..>..♣.....#
....#.##...........####
###.#..##..#####..##
#.#...##.#.###.##
#)#....#'#)..#'#


You could see an eight-headed hydra (confused).

Vanquished Creatures
  Pikel (D:5)
  A cyclops (D:9)
  An ugly thing (D:9)
  A kobold demonologist (D:9)
  A hornet (D:7)
  Prince Ribbit (D:7)
  A vampire (D:9)
  4 shadows (D:9)
  Eustachio (D:3)
  A wyvern (D:9)
  2 vampire mosquitoes (D:8)
  3 steam dragons
  3 water moccasins
  Duvessa (D:6)
  A black bear (D:5)
  2 orc warriors (D:8)
  A sky beast (D:8)
  A centaur (D:6)
  A lemure (D:5)
  A phantom (D:5)
  3 kobold brigands
  3 bullfrogs
  2 scorpions (D:5)
  Dowan (D:6)
  4 killer bees (D:8)
  7 wights (D:8)
  2 howler monkeys
  A centaur zombie (D:6)
  5 hounds
  5 orc priests
  A bullfrog skeleton (D:5)
  A centaur skeleton (D:6)
  An iguana (D:4)
  9 orc wizards
  Natasha (D:2)
  2 killer bee zombies
  A hound zombie (D:5)
  5 adders
  A white imp (D:5)
  An ufetubus (D:6)
  2 dart slugs
  34 orcs
  7 ball pythons
  5 bats
  4 endoplasms (D:1)
  5 giant cockroaches
  4 goblins
  8 hobgoblins
  3 jackals (D:1)
  20 kobolds
  A quokka (D:4)
  2 frilled lizards (D:1)
  2 rats (D:1)
182 creatures vanquished.

Vanquished Creatures (collateral kills)
  2 orc warriors
  An orc priest (D:9)
  An orc wizard (D:9)
  3 orcs
7 creatures vanquished.

Vanquished Creatures (others)
  A ghoul (D:1)
  A demonspawn (D:1)
  A vine stalker (D:1)
  A kobold demonologist (D:9)
  Psyche (D:8)
  An elf (D:1)
  A troll (D:1)
  Sigmund (D:6)
  A vampire (D:1)
  A human (D:1)
  Menkaure (D:7)
  A naga (D:1)
  A dwarf (D:1)
  2 phantoms (D:6)
  A felid (D:1)
  2 bullfrogs
  A killer bee (D:9)
  A wight (D:8)
  A howler monkey (D:9)
  A centaur zombie (D:9)
  An orc priest (D:6)
  2 centaur skeletons (D:6)
  10 jellies
  Natasha (twice) (D:2)
  An orc wizard (D:9)
  A mummy (D:1)
  A gnoll (D:1)
  2 adders
  A worm (D:3)
  2 endoplasms
  11 orcs
  A goblin (D:2)
  A hobgoblin (D:2)
  3 kobolds
  A quokka (D:4)
  A bat (D:2)
  2 rats
  A fungus (D:1)
  2 plants (D:1)
  5 tentacles (D:1)
73 creatures vanquished.

Grand Total: 262 creatures vanquished

Notes
Turn   | Place    | Note
-------+----------+-------------------------------------------
     0 | D:1      | HallandMoats the Gargoyle Fighter began the quest for the
                  | Orb.
     0 | D:1      | Reached XP level 1. HP: 14/14 MP: 1/1
     2 | D:1      | Noticed a ghoul
     2 | D:1      | Noticed a vine stalker
     2 | D:1      | Noticed a troll
     2 | D:1      | Noticed a dwarf
     2 | D:1      | Noticed a kraken
     2 | D:1      | Noticed an elf
     2 | D:1      | Noticed a naga
     2 | D:1      | Noticed a felid
     2 | D:1      | Noticed a human
     2 | D:1      | Noticed a vampire
     2 | D:1      | Noticed a demonspawn
     5 | D:1      | Killed a troll
     6 | D:1      | Killed a felid
     8 | D:1      | Killed an elf
     9 | D:1      | Killed a dwarf
    10 | D:1      | Killed a vine stalker
    12 | D:1      | Killed a ghoul
    13 | D:1      | Killed a naga
    16 | D:1      | Killed a vampire
    16 | D:1      | Killed a human
    18 | D:1      | Killed a demonspawn
   137 | D:1      | Reached XP level 2. HP: 7/19 MP: 2/2
   335 | D:1      | Reached skill level 2 in Axes
   471 | D:1      | Reached skill level 1 in Dodging
   636 | D:1      | Reached XP level 3. HP: 23/23 MP: 3/3
   768 | D:1      | Found a faded altar of an unknown god.
   813 | D:1      | Got Plato's Reference Book on Poisoning
   814 | D:1      | Prayed at the altar of an unknown god.
   814 | D:1      | Became a worshipper of Jiyva Jaduumui the Shapeless
   814 | D:1      | Reached * piety under Jiyva
  1214 | D:2      | Noticed Natasha
  1223 | D:2      | Killed Natasha
  1224 | D:2      | Reached XP level 4. HP: 18/28 MP: 4/4
  1248 | D:2      | Reached ** piety under Jiyva
  1276 | D:2      | Killed Natasha
  1402 | D:2      | Killed Natasha
  1968 | D:3      | Reached XP level 5. HP: 33/33 MP: 5/5
  2302 | D:3      | Found a shimmering blue altar of Sif Muna.
  2302 | D:3      | Found a burning altar of Makhleb.
  2302 | D:3      | Found a bloodstained altar of Trog.
  2302 | D:3      | Found a broken altar of Ashenzari.
  2308 | D:3      | Reached *** piety under Jiyva
  2310 | D:3      | Found a glowing silver altar of Zin.
  2315 | D:3      | Found a hide-covered altar of Uskayaw.
  2317 | D:3      | Gained mutation: Your rubbery body absorbs attacks. (AC +1,
                  | EV +1) [Jiyva's grace]
  2317 | D:3      | Gained mutation: Your pliable body absorbs attacks. (AC +2,
                  | EV +2) [Jiyva's grace]
  2317 | D:3      | Gained mutation: Your gelatinous body deflects attacks. (AC
                  | +3, EV +3) [Jiyva's grace]
  2317 | D:3      | Gained mutation: You are robust. (+10% HP) [Jiyva's grace]
  2341 | D:4      | Noticed Eustachio
  2359 | D:3      | Killed Eustachio
  2360 | D:3      | Reached skill level 3 in Axes
  2360 | D:3      | Reached XP level 6. HP: 41/41 MP: 6/6
  2400 | D:4      | Found a one-way gate to the infinite horrors of the Abyss.
  2555 | D:4      | Found a large runed translucent door.
  2555 | D:4      | Found a large runed translucent door.
  2848 | D:4      | Found a corrupted altar of Lugonu.
  2949 | D:5      | Entered Level 5 of the Dungeon
  2965 | D:5      | Reached XP level 7. HP: 43/47 MP: 7/7
  2992 | D:5      | Reached skill level 1 in Invocations
  3017 | D:5      | Reached **** piety under Jiyva
  3055 | D:5      | Noticed Pikel
  3087 | D:5      | Killed Pikel
  3088 | D:5      | Reached skill level 5 in Fighting
  3088 | D:5      | Reached skill level 4 in Axes
  3088 | D:5      | Reached skill level 5 in Armour
  3088 | D:5      | Reached XP level 8. HP: 47/53 MP: 7/9
  3230 | D:5      | Found Oniumun's General Store.
  3233 | D:5      | Bought a scroll of teleportation for 30 gold pieces
  3346 | D:5      | Reached skill level 5 in Axes
  3782 | D:6      | Reached XP level 9. HP: 22/59 MP: 11/11
  3823 | D:6      | Lost mutation: Your gelatinous body deflects attacks. (AC
                  | +3, EV +3) [Jiyva's grace]
  3823 | D:6      | Gained mutation: You expend magic power (3 MP) to
                  | strengthen your wands. [Jiyva's grace]
  3823 | D:6      | Gained mutation: Your mind is acute. (Int +2) [Jiyva's
                  | grace]
  3823 | D:6      | Gained mutation: Your mind is very acute. (Int +4) [Jiyva's
                  | grace]
  3823 | D:6      | Gained mutation: Your muscles are strong. (Str +2) [Jiyva's
                  | grace]
  3880 | D:6      | Found a staircase to the Ecumenical Temple.
  3931 | D:6      | Reached skill level 5 in Dodging
  3969 | D:6      | Noticed Dowan
  3970 | D:6      | Noticed Duvessa
  3981 | D:6      | Killed Duvessa
  3993 | D:6      | Killed Dowan
  3994 | D:6      | Reached skill level 6 in Axes
  4178 | D:6      | Killed Sigmund
  4208 | D:6      | Reached ***** piety under Jiyva
  4786 | D:7      | Noticed Prince Ribbit
  4804 | D:7      | Killed Prince Ribbit
  4887 | D:7      | Killed Menkaure
  4974 | D:7      | Noticed a hornet
  4977 | D:7      | Killed a hornet
  5318 | D:8      | Lost mutation: You are robust. (+10% HP) [Jiyva's grace]
  5318 | D:8      | Lost mutation: Your muscles are strong. (Str +2) [Jiyva's
                  | grace]
  5318 | D:8      | Lost mutation: Your pliable body absorbs attacks. (AC +2,
                  | EV +2) [Jiyva's grace]
  5318 | D:8      | Gained mutation: Your body has grown eyes which may confuse
                  | attackers. (Acc +3) [Jiyva's grace]
  5318 | D:8      | Gained mutation: Your body has grown many eyes which may
                  | confuse attackers. (Acc +5) [Jiyva's grace]
  5318 | D:8      | Gained mutation: Your body is covered in eyes which may
                  | confuse attackers. (Acc +7, SInv) [Jiyva's grace]
  5318 | D:8      | Gained mutation: You have hidden genetic potential.
                  | [Jiyva's grace]
  5603 | D:8      | Reached XP level 10. HP: 59/61 MP: 13/13
  5608 | D:8      | Reached skill level 7 in Axes
  5677 | D:8      | Reached skill level 5 in Invocations
  5772 | D:8      | Found Tenucor's Weapon Boutique.
  5895 | D:8      | Gained mutation: Your movements are slightly less
                  | encumbered by armour. (ER -2) [hidden potential]
  5928 | D:8      | Killed Psyche
  6313 | D:9      | Noticed an eight-headed hydra
  6317 | D:9      | Noticed a green ugly thing
  6318 | D:9      | Noticed a kobold demonologist
  6319 | D:9      | Noticed a kobold demonologist
  6328 | D:9      | Killed a cyclops
  6379 | D:9      | Noticed a smoke demon
  6403 | D:9      | Noticed a sixfirhy
  6604 | D:9      | Reached ****** piety under Jiyva
  6641 | D:9      | Killed a kobold demonologist
  6665 | D:9      | Killed a green ugly thing
  6666 | D:9      | Reached skill level 8 in Axes
  6695 | D:9      | Killed a kobold demonologist
  6696 | D:9      | Reached XP level 11. HP: 67/67 MP: 15/15
  6729 | D:9      | HP: 3/67 [eight-headed hydra (10)]
  6729 | D:9      | Mangled by an eight-headed hydra

Illustrated notes

Levels and vault maps discovered:
D:1:      nicolae_arrival_kraken_aquarium_b, layout_basic,
          shapermc_ecumenical_altar_rom_forum, item_on_display_a
D:2:      layout_loops_ring, minmay_worlds_worst_comb, uniq_natasha
D:3:      layout_loops_ring, minmay_overflow_temple_hex
D:4:      due_chaos_kobolds, layout_cave_pools, uniq_eustachio
D:5:      layout_loops_ring, serial_shops, nicolae_shop_behind_doors,
          nrook_pool_corridor, minmay_misc_feat_five,
          kennysheep_generic_room_10, uniq_pikel
D:6:      layout_gridville, minmay_temple_entry_junction_2, grunt_ministairs_5,
          uniq_duvessa, uniq_sigmund
D:7:      layout_loops_ring, nicolae_water_bricks, nicolae_underground_beach,
          uniq_prince_ribbit1, uniq_menkaure
D:8:      layout_basic, serial_shops, nicolae_shop_trees, st_stairs_1,
          uniq_psyche
D:9:      layout_roguey, hiddenorc1_lemuel, amethyst_killhole,
          grunt_ministairs_15, minmay_the_grid_2x2 [minmay_the_grid_square_x,
          minmay_the_grid_aliased_spiral, minmay_the_grid_tree,
          minmay_the_grid_prize_four_corners_diamond_b]

Skill      XL: |  1  2  3  4  5  6  7  8  9 10 |
---------------+-------------------------------+-----
Axes           | 2 3 4 5 6 8 |  8.2
Dodging        | 1 2 3 4 6 7 |  7.3
Fighting       | 4 5 6 7 |  7.5
Armour         | 4 5 6 7 |  7.5
Shields        | 4 |  4.2
Invocations    | 2 3 4 6 |  6.1

Action                   |  1- 3 |  4- 6 |  7- 9 | 10-12 || total
-------------------------+-------+-------+-------+-------++-------
Melee: War axe           |     8 |       |       |       ||     8
       Dagger            |    97 |    38 |       |       ||   135
       Rapier            |       |    79 |   286 |   135 ||   500
       Hand axe          |       |       |       |    83 ||    83
  Use: Scroll            |       |       |       |     9 ||     9
       Potion            |       |       |       |     2 ||     2
 Stab: Confused          |       |       |     2 |    11 ||    13
       Sleeping          |       |       |     1 |       ||     1
Armor: Scale mail        |    51 |    15 |       |       ||    66
       Leather armour    |       |    32 |   152 |    93 ||   277
Dodge: Dodged            |    46 |    82 |   244 |   154 ||   526
Block: Buckler           |    18 |    23 |    66 |    57 ||   164

Table legend: (Time is in decaauts)
 A = Elapsed time spent in this place.
 B = Non-inter-level travel time spent in this place.
 C = Inter-level travel time spent in this place.
 D = Time resting spent in this place.
 E = Time spent auto-exploring this place.
 F = Levels seen in this place.
 G = Mean time per level.
                   A        B        C        D        E       F      G
               +--------+--------+--------+--------+--------+-----+--------+
         Total |   6876 |   6626 |    250 |      8 |   4923 |   9 |  764.0 |
       Dungeon |   6876 |   6626 |    250 |      8 |   4923 |   9 |  764.0 |
               +--------+--------+--------+--------+--------+-----+--------+

Top non-repeatable levels by time:
     D:1: 1085 daAuts
     D:8: 937 daAuts
     D:6: 850 daAuts
     D:5: 842 daAuts
     D:7: 731 daAuts
     D:2: 714 daAuts
     D:3: 612 daAuts
     D:4: 587 daAuts
     D:9: 513 daAuts
